 Dungeon Crawl Stone Soup version 0.20.1-1-g8b1a95d (webtiles) character file.

618 RuzvalD the Chiller (level 7, -7/52 HPs)
             Began as a Demigod Ice Elementalist on Oct 25, 2017.
             Mangled by Duvessa
             ... wielding a +0 short sword
              (10 damage)
             ... on level 6 of the Dungeon.
             The game lasted 00:57:21 (7643 turns).

RuzvalD the Chiller (Demigod Ice Elementalist)      Turns: 7643, Time: 00:57:21

Health: -7/52      AC:  5    Str: 11    XL:     7   Next: 1%
Magic:  6/16       EV: 11    Int: 23    God:
Gold:   292        SH:  0    Dex: 16    Spells: 5/14 levels left

rFire    . . .     SeeInvis .   d - +4 quarterstaff (chaos)
rCold    . . .     Gourm    .   (shield currently unavailable)
rNeg     . . .     Faith    .   D - +2 robe {MR+}
rPois    .         Spirit   .   (no helmet)
rElec    .         Reflect  .   p - +0 cloak (curse)
rCorr    .         Harm     .   (no gloves)
MR       +....                  (no boots)
Stlth    ++........             (no amulet)
Regen    0.2/turn               n - -2 ring of evasion
MPRegen  0.2/turn               (no ring)

@: very slightly contaminated
A: high mp 1
a: no special abilities


You were on level 6 of the Dungeon.
You were near starving.

You visited 1 branch of the dungeon, and saw 6 of its levels.

You collected 292 gold pieces.

Inventory:

Hand Weapons
 d - a +4 quarterstaff of chaos (weapon)
 i - a +0 whip
 k - a +0 dagger
 u - a +0 hand crossbow
 x - a +0 short sword
 y - a cursed -1 scythe
 K - a +0 shortbow
Missiles
 g - 72 stones (quivered)
 l - 18 bolts
 w - 9 poisoned needles
 A - 71 arrows
 B - 7 curare-tipped needles
 M - 22 sling bullets
Armour
 a - a +0 robe
 p - a cursed +0 cloak (worn)
 r - a +0 robe
 s - a +0 robe
 D - a +2 robe of magic resistance (worn)
 N - a +2 helmet
 O - a +1 robe
Jewellery
 n - a -2 ring of evasion (left hand)
 P - an uncursed ring of positive energy {unknown}
Wands
 L - a wand of flame (23/48)
Scrolls
 h - 2 scrolls of teleportation
 j - 2 scrolls of immolation
 t - a scroll of blinking
 v - 3 scrolls of amnesia
 H - a scroll of fog
 I - a scroll of identify
Potions
 c - 2 potions of heal wounds
 e - 3 potions of curing
 f - a potion of ambrosia {unknown}
 m - a potion of agility {unknown}
 o - a potion of resistance {unknown}
 z - 4 potions of lignification {unknown}
 C - 2 potions of mutation {unknown}
 E - a potion of magic
 F - 2 potions of might {unknown}
 G - 2 potions of brilliance {unknown}
Books
 b - a book of Frost

   Spells                             Type                      Level
   a - Freeze                         Ice                          1
   b - Throw Frost                    Conjuration/Ice              2
   c - Ozocubu's Armour               Charms/Ice                   3
   d - Throw Icicle                   Conjuration/Ice              4
   e - Summon Ice Beast               Ice/Summoning                4
 J - a book of Maledictions

   Spells                             Type                      Level
   a - Corona                         Hexes                        1
   b - Ensorcelled Hibernation        Hexes/Ice                    2
   c - Confuse                        Hexes                        3
   d - Tukima's Dance                 Hexes                        3
   e - Dazzling Spray                 Conjuration/Hexes            3


   Skills:
 + Level 1.2 Fighting
 + Level 0.5(1.1) Maces & Flails
 + Level 1.5(1.6) Staves
 + Level 2.3 Dodging
 + Level 2.7 Stealth
 + Level 0.5 Unarmed Combat
 + Level 4.1 Spellcasting
   Level 0.8 Conjurations
 + Level 0.8 Hexes
 + Level 0.5 Charms
 + Level 1.2 Summonings
 + Level 4.5 Ice Magic


You had 5 spell levels left.
You knew the following spells:

 Your Spells              Type           Power        Failure   Level  Hunger
a - Freeze                Ice            ####         1%          1    None
b - Ozocubu's Armour      Chrm/Ice       ###.....     11%         3    ##.....
c - Summon Ice Beast      Ice/Summ       ###.....     30%         4    ####...
d - Corona                Hex            #......      8%          1    None


Dungeon Overview and Level Annotations

Branches:
Dungeon (6/15)
 Temple: D:4-7

Shops:
D:5 [

Annotations:
D:6 Duvessa


Innate Abilities, Weirdness & Mutations

You have an increased reservoir of magic. (+10% MP)


Message History

Duvessa hits you but does no damage.
Casting: Freeze
Confirm with . or Enter, or press ? or * to list all spells.
Aiming: Freeze
Press: ? - help, Shift-Dir - straight line, f/p - Duvessa
Aim: Duvessa, wielding a short sword and wearing a scale mail (heavily wounded, berserk, fast, unusually strong, softly glowing)
You freeze Duvessa.
Duvessa is severely wounded.
Duvessa hits you with a short sword!
* * * LOW HITPOINT WARNING * * *
Duvessa hits you but does no damage.
Casting: Freeze
Confirm with . or Enter, or press ? or * to list all spells.
Aiming: Freeze
Press: ? - help, Shift-Dir - straight line, f/p - Duvessa
Aim: Duvessa, wielding a short sword and wearing a scale mail (severely wounded, berserk, fast, unusually strong, softly glowing)
You freeze Duvessa.
Duvessa is almost dead.
Duvessa hits you with a short sword!
You die...

#............... #.......
##............... #.....>.
#................ ......#
#..#..............
##....####..# #......<......
#......##..# #.............
..##.^.....<.# ##............
.............### ##..........$.
.............e@###.............
..........#####................
..........# ###.......###....
........(.# ##..##### ##..
.......##.. #.## #. ......#
###. #.# # ...... #. .## ######
#. #. #.


You could see Duvessa (berserk).

Vanquished Creatures
  Sigmund (D:4)
  A black bear (D:4)
  A bullfrog (D:3)
  Dowan (D:6)
  A hound (D:5)
  A bullfrog skeleton (D:4)
  An iguana (D:5)
  A worker ant (D:4)
  A hound skeleton (D:4)
  7 adders
  An ooze (D:5)
  4 leopard geckos
  2 orcs
  4 giant cockroaches
  9 goblins
  5 hobgoblins
  10 jackals
  8 kobolds
  2 quokkas
  A ball python skeleton (D:5)
  9 bats
  2 frilled lizards (D:1)
  A giant cockroach zombie (D:6)
  5 rats
79 creatures vanquished.

Vanquished Creatures (collateral kills)
  A centaur zombie (D:4)
  Crazy Yiuf (D:3)
  A worker ant (D:5)
  3 gnolls (D:5)
  An adder (D:4)
  3 jackals (D:3)
10 creatures vanquished.

Grand Total: 89 creatures vanquished

Notes
Turn   | Place    | Note
-------+----------+-------------------------------------------
     0 | D:1      | RuzvalD the Demigod Ice Elementalist began the quest for the Orb.
     0 | D:1      | Reached XP level 1. HP: 14/14 MP: 5/5
   573 | D:1      | Reached XP level 2. HP: 14/20 MP: 0/7
  1947 | D:2      | Reached XP level 3. HP: 26/27 MP: 8/8
  1961 | D:2      | Learned a level 3 spell: Ozocubu's Armour
  3022 | D:3      | Found a shadowy altar of Dithmenos.
  3298 | D:3      | Reached XP level 4. HP: 27/34 MP: 7/10
  3385 | D:3      | Noticed a bullfrog
  3395 | D:3      | Killed a bullfrog
  3882 | D:3      | Reached XP level 5. HP: 38/39 MP: 8/12
  3947 | D:3      | Learned a level 4 spell: Summon Ice Beast
  4244 | D:3      | Found a runed door.
  4248 | D:3      | Noticed Crazy Yiuf
  4256 | D:3      | Killed Crazy Yiuf
  5264 | D:4      | Noticed Sigmund
  5288 | D:4      | Killed Sigmund
  5288 | D:4      | Reached skill level 1 in Fighting
  5288 | D:4      | Reached XP level 6. HP: 27/47 MP: 4/14
  5487 | D:4      | Reached skill level 1 in Staves
  5767 | D:5      | Entered Level 5 of the Dungeon
  6019 | D:5      | Reached skill level 1 in Summonings
  6149 | D:5      | Found a glowing drain.
  6285 | D:5      | Found Sasauff's Armour Shoppe.
  6328 | D:5      | Learned a level 1 spell: Corona
  7578 | D:6      | Noticed Dowan
  7580 | D:6      | Noticed Duvessa
  7622 | D:6      | Killed Dowan
  7622 | D:6      | Reached XP level 7. HP: 27/52 MP: 16/16
  7643 | D:6      | Mangled by Duvessa

Skill      XL: |  1  2  3  4  5  6 |
---------------+-------------------+-----
Ice Magic      | 3 4 |  4.5
Spellcasting   | 2 3 4 |  4.1
Dodging        | 2 |  2.3
Stealth        | 2 |  2.7
Fighting       | 1 |  1.2
Staves         | 1 |  1.5
Summonings     | 1 |  1.2
Maces & Flails | |  0.5
Unarmed Combat | |  0.5
Conjurations   | |  0.8
Hexes          | |  0.8
Charms         | |  0.5

Action                   |  1- 3 |  4- 6 |  7- 9 || total
-------------------------+-------+-------+-------++-------
Melee: Unarmed           |    30 |       |       ||    30
       Whip              |    58 |     8 |       ||    66
       Punch             |     1 |       |       ||     1
       Quarterstaff      |       |    55 |       ||    55
Throw: Stone             |     2 |       |       ||     2
 Cast: Freeze            |    59 |    64 |     6 ||   129
       Ozocubu's Armour  |     5 |       |       ||     5
       Summon Ice Beast  |       |     9 |       ||     9
       Corona            |       |    26 |     4 ||    30
  Use: Scroll            |       |     9 |       ||     9
       Potion            |       |     3 |       ||     3
 Stab: Sleeping          |     3 |       |       ||     3
  Eat: Chunk             |     2 |     2 |     1 ||     5
       Bread ration      |     1 |     1 |       ||     2
       Meat ration       |     1 |       |       ||     1
       Royal jelly       |       |     2 |       ||     2
Armor: Robe              |    47 |    53 |     2 ||   102
Dodge: Dodged            |   101 |   115 |     4 ||   220
